AoeStats
← Dr_DanglePeen_AD

Arena

504645177Analyzed
4v4 RM · 25d ago on Sep 6, 2026· 56m 47s· 8 players
Game mode
Random Map
Map size
Large (8 player)
Population
200
Speed
Normal
Resources
Standard
Victory
Conquest
Starting age
Dark Age
Ending age
Imperial Age
RankedLock teamsTeams togetherTeam positionsShared explorationLock speedFull tech treeHidden civsTurbo modeCheats
Victory
Defeat
🇧🇷 Burgundians · Brazil
1330
+16
🇧🇷 Koreans · Brazil
1321
+16
🇧🇷 Bohemians · Brazil
1317
+16
🇧🇷 Wu · Brazil
1216
+20
🇺🇸 Italians · United States
1471
-23
🇺🇸 Georgians · United States
1323
-17
🇧🇷 Hindustanis · Brazil
1268
-15
🇺🇸 Byzantines · United States
1220
-13
Mokkey
7:01 Double-Bit Axe
11:59 Feudal Age
10:45 Horse Collar
16:10 Castle Age
15:03 Heavy Plow
15:23 Bow Saw
22:18 Wheelbarrow
23:53 Burgundian Vineyards
25:24 Hand Cart
25:01 Town Watch
29:23 Imperial Age
27:18 Loom
27:45 Gold Mining
29:21 Two-Man Saw
28:53 Crop Rotation
29:09 Gold Shaft Mining
29:24 Scale Barding Armor
29:29 Forging
30:55 Chain Barding Armor
32:01 Iron Casting
31:33 Cavalier
32:16 Husbandry
33:55 Conscription
33:12 Paladin
34:32 Plate Barding Armor
38:59 Scale Mail Armor
40:00 Blast Furnace
40:11 Chain Mail Armor
39:18 Pikeman
40:05 Halberdier
41:54 Plate Mail Armor
44:19 Fortified Wall
55:06 Squires
54:51 Arson
55:44 Capped Ram
GL.Lalo
10:42 Feudal Age
14:20 Castle Age
12:41 Double-Bit Axe
13:34 Horse Collar
19:53 Wheelbarrow
20:53 Bow Saw
20:55 Heavy Plow
25:32 Hand Cart
26:13 Loom
29:26 Imperial Age
27:01 Pikeman
27:41 Squires
28:07 Forging
27:58 Scale Mail Armor
29:47 Chemistry
29:52 Iron Casting
29:46 Halberdier
31:26 Town Watch
32:48 Two-Man Saw
32:48 Siege Engineers
32:12 Houfnice
33:22 Chain Mail Armor
33:41 Masonry
34:51 Plate Mail Armor
35:21 Blast Furnace
35:33 Conscription
35:24 Wagenburg Tactics
36:11 Town Patrol
37:54 Hussite Reforms
37:57 Elite Skirmisher
40:00 Architecture
40:22 Padded Archer Armor
40:12 Fletching
42:35 Leather Archer Armor
44:10 Ring Archer Armor
43:35 Bodkin Arrow
45:59 Bodkin Arrow
45:44 Elite Hussite Wagon
47:19 Bombard Tower
47:59 Bracer
48:37 Murder Holes
48:50 Treadmill Crane
49:31 Ballistics
50:25 Scale Barding Armor
53:44 Fortified Wall
TIRA-ONDA
11:51 Feudal Age
12:27 Double-Bit Axe
12:24 Horse Collar
15:28 Castle Age
14:06 Gold Mining
16:40 Bow Saw
16:32 Heavy Plow
17:50 Loom
20:40 Wheelbarrow
26:52 Imperial Age
25:35 Hand Cart
25:48 Town Watch
26:31 Fletching
26:29 Crossbowman
28:32 Chemistry
28:00 Siege Engineers
28:21 Arbalester
29:06 Thumb Ring
30:16 Fortified Wall
31:45 Bodkin Arrow
32:12 Ballistics
32:40 Thumb Ring
33:33 Treadmill Crane
34:04 Masonry
34:14 Scale Mail Armor
34:24 Forging
34:54 Bracer
34:22 Pikeman
35:03 Squires
35:30 Chain Mail Armor
35:26 Forging
35:51 Arrowslits
36:11 Eupseong
36:31 Conscription
35:44 Halberdier
38:05 Plate Mail Armor
38:11 Iron Casting
38:54 Two-Man Saw
38:35 Architecture
39:44 Murder Holes
41:26 Scale Barding Armor
43:46 Arson
46:01 Elite Skirmisher
49:32 Stone Mining
53:42 Chain Barding Armor
54:17 Caravan
54:27 Guilds
MAMA YAGA
10:38 Feudal Age
14:43 Castle Age
13:18 Double-Bit Axe
13:30 Horse Collar
14:50 Loom
19:43 Gold Mining
21:07 Heavy Plow
21:24 Bow Saw
22:40 Wheelbarrow
26:32 Imperial Age
25:18 Hand Cart
25:24 Padded Archer Armor
25:14 Fletching
26:07 Gold Shaft Mining
30:22 Stone Mining
32:02 Two-Man Saw
33:21 Ballistics
35:03 Conscription
35:48 Leather Archer Armor
35:28 Bodkin Arrow
35:49 Bodkin Arrow
36:17 Sitting Tiger
37:22 Stone Shaft Mining
37:29 Hand Cart
37:01 Elite Skirmisher
38:03 Bracer
39:19 Chemistry
38:54 Town Watch
42:19 Pikeman
43:00 Squires
42:27 Elite Fire Archer
43:43 Scale Mail Armor
43:54 Forging
46:47 Chain Mail Armor
47:07 Iron Casting
45:54 Halberdier
46:20 Arson
49:41 Plate Mail Armor
50:11 Blast Furnace
50:49 Blast Furnace
49:54 Scale Barding Armor
51:10 Husbandry
50:31 Light Cavalry
55:31 Chain Barding Armor
55:24 Bloodlines
Feijao
10:46 Feudal Age
15:29 Castle Age
13:48 Double-Bit Axe
14:36 Horse Collar
14:49 Gold Mining
18:03 Bow Saw
18:19 Loom
19:11 Wheelbarrow
20:20 Heavy Plow
21:14 Town Watch
25:23 Scale Barding Armor
26:27 Hand Cart
26:47 Forging
32:26 Imperial Age
29:50 Stone Mining
31:49 Gold Shaft Mining
31:50 Stone Shaft Mining
32:05 Padded Archer Armor
33:48 Ballistics
34:31 Chemistry
33:52 Leather Archer Armor
33:44 Shatagni
34:05 Conscription
36:30 Ring Archer Armor
39:15 Siege Engineers
42:17 Elite Skirmisher
44:49 Fletching
45:23 Ballistics
46:43 Caravan
46:48 Grand Trunk Road
46:58 Bodkin Arrow
48:21 Bracer
55:41 Chain Barding Armor
Dr_DanglePeen_AD
11:06 Feudal Age
15:30 Castle Age
18:58 Double-Bit Axe
21:51 Horse Collar
23:59 Bow Saw
24:08 Fletching
24:47 Bodkin Arrow
29:35 Imperial Age
27:44 Scale Barding Armor
27:41 Loom
28:33 Wheelbarrow
28:40 Heavy Plow
29:47 Chain Barding Armor
30:54 Gold Mining
32:10 Plate Barding Armor
32:02 Conscription
36:43 Logistica
38:33 Forging
42:13 Iron Casting
42:53 Crop Rotation
41:47 Elite Cataphract
46:20 Elite Skirmisher
DLonger7
10:23 Feudal Age
14:27 Castle Age
12:16 Double-Bit Axe
12:49 Horse Collar
15:43 Bow Saw
20:24 Wheelbarrow
20:44 Heavy Plow
22:07 Gold Mining
22:12 Stone Mining
24:41 Scale Barding Armor
25:21 Stone Shaft Mining
25:14 Hand Cart
27:59 Imperial Age
26:00 Chain Barding Armor
26:34 Bloodlines
26:25 Husbandry
27:30 Loom
28:43 Forging
28:27 Elite Monaspa
29:45 Plate Barding Armor
30:00 Iron Casting
29:56 Conscription
31:28 Town Watch
32:57 Blast Furnace
34:09 Aznauri Cavalry
45:43 Fletching
45:53 Padded Archer Armor
46:57 Chemistry
46:41 Svan Towers
46:49 Bodkin Arrow
47:09 Guard Tower
47:04 Arrowslits
47:41 Ballistics
47:42 Treadmill Crane
48:05 Bracer
49:12 Keep
49:50 Guilds
50:21 Masonry
50:51 Caravan
51:30 Light Cavalry
53:12 Architecture
53:03 Hussar
jimmythicks
10:53 Feudal Age
11:29 Double-Bit Axe
13:09 Loom
16:29 Castle Age
14:41 Gold Mining
18:47 Bow Saw
19:31 Horse Collar
24:34 Imperial Age
24:32 Fletching
26:41 Chemistry
26:30 Bodkin Arrow
26:58 Ballistics
27:36 Heavy Plow
29:11 Masonry
29:02 Bracer
30:36 Architecture
31:42 Padded Archer Armor
32:18 Conscription
31:56 Stone Mining
34:57 Wheelbarrow
42:48 Hand Cart
43:58 Hoardings
43:34 Pirotechnia
44:04 Leather Archer Armor
44:20 Caravan
44:29 Caravan
45:23 Ring Archer Armor
51:23 Elite Skirmisher
Connection lost

Rejoining the realm…

Still unreachable

The connection could not be restored.

Session expired

The server has moved on; the page needs a fresh start.